TOP OF THE 1ST |
Las Vegas Stars batting - Pitching for Spokane Trappers : RHP Honorato Mota
|
Pitching: RHP Honorato Mota
|
|
Batting: RHB Tomás Díaz
|
0-0: Called Strike 0-1: Ball 1-1: Fly out, F7 (Flyball, 78M)
|
Batting: RHB Paco Castillo
|
0-0: Ground out 5-3 (Groundball, 5)
|
Batting: RHB Gabriel Miranda
|
0-0: Foul Ball, location: 2F 0-1: Ground out 5-3 (Groundball, 56S)
|
Top of the 1st over - 0 runs, 0 hits, 0 errors, 0 left on base; Las Vegas 0 - Spokane 0 |
BOTTOM OF THE 1ST |
Spokane Trappers batting - Pitching for Las Vegas Stars : RHP Manuel González
|
Pitching: RHP Manuel González
|
|
Batting: RHB Warren Martin
|
0-0: SINGLE (Line Drive, 4MD)
|
Batting: RHB Danny Crouch
|
0-0: Ball Wild Pitch! Warren Martin to second 1-0: Called Strike 1-1: Ball 2-1: Foul Ball, location: 2F 2-2: Ball 3-2: Ground out 6-3 (Groundball, 6)
|
Batting: LHB Lorenzo Flores
|
0-0: Ball 1-0: Called Strike 1-1: Ball 2-1: Foul Ball, location: 2F 2-2: Fly out, F7 (Flyball, 7)
|
Batting: SHB Chris Bennis
|
0-0: Called Strike 0-1: Ball 1-1: Ball 2-1: Ground out 5-3 (Groundball, 56S)
|
Bottom of the 1st over - 0 runs, 1 hit, 0 errors, 1 left on base; Las Vegas 0 - Spokane 0 |
TOP OF THE 2ND |
Las Vegas Stars batting - Pitching for Spokane Trappers : RHP Honorato Mota
|
Batting: SHB Júlio Salazar
|
0-0: Ball 1-0: Called Strike 1-1: Called Strike 1-2: Strikes out swinging
|
Batting: LHB Clint Parkinson
|
0-0: Foul Ball, location: 2F 0-1: SINGLE (Line Drive, 9LS)
|
Batting: LHB Phil Smith
|
0-0: Ball 1-0: Swinging Strike 1-1: Called Strike 1-2: Foul Ball, location: 2F 1-2: Strikes out swinging
|
Batting: SHB Enrique Uribe
|
0-0: Ball 1-0: Fly out, F5 (Popup, 6S)
|
Top of the 2nd over - 0 runs, 1 hit, 0 errors, 1 left on base; Las Vegas 0 - Spokane 0 |
BOTTOM OF THE 2ND |
Spokane Trappers batting - Pitching for Las Vegas Stars : RHP Manuel González
|
Batting: LHB Sixto Cantú
|
0-0: Called Strike 0-1: Foul Ball, location: 2F 0-2: Strikes out swinging
|
Batting: RHB José Martínez
|
0-0: Ball 1-0: Ball 2-0: Swinging Strike 2-1: Ball 3-1: Swinging Strike 3-2: Strikes out swinging
|
Batting: RHB Alberto Velásquez
|
0-0: Ball 1-0: Ground out 6-3 (Groundball, 6)
|
Bottom of the 2nd over - 0 runs, 0 hits, 0 errors, 0 left on base; Las Vegas 0 - Spokane 0 |
TOP OF THE 3RD |
Las Vegas Stars batting - Pitching for Spokane Trappers : RHP Honorato Mota
|
Batting: RHB Guo-xiu Choi
|
0-0: Ball 1-0: Ball 2-0: Foul Ball, location: 2F 2-1: Ball 3-1: Ground out 6-3 (Groundball, 6)
|
Batting: RHB Gilberto Silva
|
0-0: Ball 1-0: Ball 2-0: Ball 3-0: Base on Balls
|
Batting: RHB Tomás Díaz
|
0-0: Ball 1-0: Ball 2-0: Called Strike 2-1: Foul Ball, location: 2F 2-2: Ball 3-2: Foul Ball, location: 2F 3-2: Fly out, F8 (Flyball, 8RD)
|
Batting: RHB Paco Castillo
|
0-0: Ball 1-0: Fielders Choice at 2nd, 6-4 (Groundball, 6)
|
Top of the 3rd over - 0 runs, 0 hits, 0 errors, 1 left on base; Las Vegas 0 - Spokane 0 |
BOTTOM OF THE 3RD |
Spokane Trappers batting - Pitching for Las Vegas Stars : RHP Manuel González
|
Batting: LHB Tommy Evans
|
0-0: Ball 1-0: Called Strike 1-1: Called Strike 1-2: Ball 2-2: Strikes out swinging
|
Batting: RHB Juan Velásquez
|
0-0: Called Strike 0-1: SINGLE (Groundball, 6MD)
|
Batting: RHB Warren Martin
|
0-0: Swinging Strike Juan Velásquez is caught stealing 2nd base 0-1: Foul Ball, location: 2F 0-2: Fly out, F8 (Flyball, 78M)
|
Bottom of the 3rd over - 0 runs, 1 hit, 0 errors, 0 left on base; Las Vegas 0 - Spokane 0 |
TOP OF THE 4TH |
Las Vegas Stars batting - Pitching for Spokane Trappers : RHP Honorato Mota
|
Batting: RHB Gabriel Miranda
|
0-0: Ball 1-0: Ball 2-0: Called Strike 2-1: Ball 3-1: Foul Ball, location: 2F 3-2: Base on Balls
|
Batting: SHB Júlio Salazar
|
0-0: Fly out, F4 (Flyball, 4D)
|
Batting: LHB Clint Parkinson
|
0-0: Ball 1-0: Fly out, F7 (Flyball, 78S)
|
Batting: LHB Phil Smith
|
0-0: Called Strike 0-1: Ball 1-1: Called Strike 1-2: Ground out 1-3 (Groundball, 15S)
|
Top of the 4th over - 0 runs, 0 hits, 0 errors, 1 left on base; Las Vegas 0 - Spokane 0 |
BOTTOM OF THE 4TH |
Spokane Trappers batting - Pitching for Las Vegas Stars : RHP Manuel González
|
Batting: RHB Danny Crouch
|
0-0: Foul Ball, location: 2F 0-1: Foul Ball, location: 2F 0-2: Ball 1-2: Ball 2-2: Foul Ball, location: 2F 2-2: Ball 3-2: Strikes out swinging
|
Batting: LHB Lorenzo Flores
|
0-0: Called Strike 0-1: Foul Ball, location: 2F 0-2: Ball 1-2: Foul Ball, location: 2F 1-2: Ball 2-2: Ball 3-2: Foul Ball, location: 2F 3-2: Foul Ball, location: 2F 3-2: Foul Ball, location: 2F 3-2: Fly out, F8 (Flyball, 89S)
|
Batting: SHB Chris Bennis
|
0-0: Foul Ball, location: 2F 0-1: DOUBLE (Line Drive, 78D)
|
Batting: LHB Sixto Cantú
|
0-0: Foul Ball, location: 2F 0-1: Ground out 6-3 (Groundball, 6)
|
Bottom of the 4th over - 0 runs, 1 hit, 0 errors, 1 left on base; Las Vegas 0 - Spokane 0 |
TOP OF THE 5TH |
Las Vegas Stars batting - Pitching for Spokane Trappers : RHP Honorato Mota
|
Batting: SHB Enrique Uribe
|
0-0: Ball 1-0: Called Strike 1-1: Ball 2-1: Swinging Strike 2-2: Strikes out swinging
|
Batting: RHB Guo-xiu Choi
|
0-0: Called Strike 0-1: Ball 1-1: Ball 2-1: Ball 3-1: Foul Ball, location: 2F 3-2: Base on Balls
|
Batting: RHB Gilberto Silva
|
0-0: Ball 1-0: Called Strike 1-1: Fly out, F9 (Flyball, 9S)
|
Batting: RHB Tomás Díaz
|
0-0: Called Strike Guo-xiu Choi steals 2nd base 0-1: Ball 1-1: Fly out, F5 (Line Drive, 5)
|
Top of the 5th over - 0 runs, 0 hits, 0 errors, 1 left on base; Las Vegas 0 - Spokane 0 |
BOTTOM OF THE 5TH |
Spokane Trappers batting - Pitching for Las Vegas Stars : RHP Manuel González
|
Batting: RHB José Martínez
|
0-0: Ball 1-0: Foul Ball, location: 2F 1-1: Foul Ball, location: 2F 1-2: Ball 2-2: Ball 3-2: Foul Ball, location: 2F 3-2: SINGLE (Groundball, 56D)
|
Batting: RHB Alberto Velásquez
|
0-0: SINGLE (Line Drive, 34) José Martínez to second
|
Batting: LHB Tommy Evans
|
0-0: Ball 1-0: 3-RUN HOME RUN (Flyball, 9LD), Distance : 368 ft
|
Batting: RHB Juan Velásquez
|
0-0: Ball 1-0: SINGLE (Groundball, 34S) (infield hit)
|
Pinch Runner at 1st Harry Pitts:
|
|
Batting: RHB Warren Martin
|
0-0: Called Strike 0-1: SINGLE (Groundball, 34D) Harry Pitts to second Harry Pitts to third
|
Batting: RHB Danny Crouch
|
0-0: Ball 1-0: Called Strike 1-1: Foul Ball, location: 2F 1-2: Ball 2-2: Ball 3-2: Fly out, F5 (Popup, 5F)
|
Batting: LHB Lorenzo Flores
|
0-0: Ball 1-0: DOUBLE (Flyball, 89XD) Harry Pitts scores Warren Martin to third Runner from 3rd tries for Home, SAFE, no throw
|
Batting: SHB Chris Bennis
|
0-0: Foul Ball, location: 2F 0-1: Foul Ball, location: 2F 0-2: Strikes out looking
|
Batting: LHB Sixto Cantú
|
0-0: Ball 1-0: SINGLE (Groundball, 4MD) Lorenzo Flores to third Runner from 3rd tries for Home, SAFE, no throw
|
Batting: RHB José Martínez
|
0-0: Swinging Strike 0-1: Foul Ball, location: 2F 0-2: Foul Ball, location: 2F 0-2: Ground out U3 (Groundball, 34S)
|
Bottom of the 5th over - 6 runs, 7 hits, 0 errors, 1 left on base; Las Vegas 0 - Spokane 6 |
TOP OF THE 6TH |
Las Vegas Stars batting - Pitching for Spokane Trappers : RHP Honorato Mota
|
Now in CF: Harry Pitts
|
|
Batting: RHB Paco Castillo
|
0-0: Ball 1-0: Swinging Strike 1-1: Foul Ball, location: 2F 1-2: Strikes out swinging
|
Batting: RHB Gabriel Miranda
|
0-0: Ball 1-0: Foul Ball, location: 2F 1-1: Ball 2-1: SINGLE (Flyball, 78S)
|
Batting: SHB Júlio Salazar
|
0-0: Ball 1-0: Ball 2-0: Called Strike 2-1: Ground out 4-3 (Groundball, 4MS) Gabriel Miranda to second
|
Batting: LHB Clint Parkinson
|
0-0: Called Strike 0-1: Foul Ball, location: 2F 0-2: Ground out 3-1 (Groundball, 34)
|
Top of the 6th over - 0 runs, 1 hit, 0 errors, 1 left on base; Las Vegas 0 - Spokane 6 |
BOTTOM OF THE 6TH |
Spokane Trappers batting - Pitching for Las Vegas Stars : RHP Manuel González
|
Pitching: RHP Dema Mitenkov
|
|
Batting: RHB Alberto Velásquez
|
0-0: Called Strike 0-1: Ball 1-1: Called Strike 1-2: Ball 2-2: Strikes out swinging
|
Batting: LHB Tommy Evans
|
0-0: Ball 1-0: Ground out 3-1 (Groundball, 34S)
|
Batting: LHB Harry Pitts
|
0-0: Ball 1-0: Foul Ball, location: 2F 1-1: Called Strike 1-2: Ground out 4-3 (Groundball, 4M)
|
Bottom of the 6th over - 0 runs, 0 hits, 0 errors, 0 left on base; Las Vegas 0 - Spokane 6 |
TOP OF THE 7TH |
Las Vegas Stars batting - Pitching for Spokane Trappers : RHP Honorato Mota
|
Batting: LHB Phil Smith
|
0-0: Foul Ball, location: 2F 0-1: Foul Ball, location: 2F 0-2: Ball 1-2: Foul Ball, location: 2F 1-2: Foul Ball, location: 2F 1-2: Ball 2-2: Fly out, F7 (Flyball, 7D)
|
Batting: SHB Enrique Uribe
|
0-0: Ball 1-0: SINGLE (Line Drive, 4D)
|
Batting: RHB Guo-xiu Choi
|
0-0: Fly out, F8 (Flyball, 8RXD)
|
Batting: RHB Gilberto Silva
|
0-0: Ball 1-0: Ball 2-0: Foul Ball, location: 2F 2-1: Reached on error, E3 (Groundball, 34) Enrique Uribe to second
|
Batting: RHB Tomás Díaz
|
0-0: Called Strike 0-1: Called Strike 0-2: Ball 1-2: Foul Ball, location: 2F 1-2: Ball 2-2: SINGLE (Line Drive, 9S) Enrique Uribe to third Gilberto Silva to second Runner from 3rd tries for Home, SAFE, no throw
|
Batting: RHB Paco Castillo
|
0-0: Ball 1-0: SINGLE (Line Drive, 8LS) Gilberto Silva to third Tomás Díaz to second Runner from 3rd tries for Home, SAFE, no throw
|
Pitching: RHP Rich Townsley
|
|
Batting: RHB Gabriel Miranda
|
0-0: Ball 1-0: Ball 2-0: Called Strike 2-1: Ball 3-1: DOUBLE (Groundball, 3L) Tomás Díaz scores Paco Castillo to third Runner from 3rd tries for Home, SAFE, throw made at trailing runner, OUT at third!
|
Top of the 7th over - 4 runs, 4 hits, 1 error, 0 left on base; Las Vegas 4 - Spokane 6 |
BOTTOM OF THE 7TH |
Spokane Trappers batting - Pitching for Las Vegas Stars : RHP Dema Mitenkov
|
Batting: RHB Warren Martin
|
0-0: Called Strike 0-1: Ball 1-1: Fly out, F5 (Popup, 5SF)
|
Batting: RHB Danny Crouch
|
0-0: Called Strike 0-1: Called Strike 0-2: Ball 1-2: Ball 2-2: Foul Ball, location: 2F 2-2: Ball 3-2: Base on Balls
|
Pitching: LHP Gian-Andrea Nota
|
|
Batting: LHB Lorenzo Flores
|
0-0: Called Strike 0-1: Fly out, F6 (Line Drive, 6MD)
|
Batting: SHB Chris Bennis
|
0-0: Called Strike 0-1: Foul Ball, location: 2F 0-2: Strikes out swinging
|
Bottom of the 7th over - 0 runs, 0 hits, 0 errors, 1 left on base; Las Vegas 4 - Spokane 6 |
TOP OF THE 8TH |
Las Vegas Stars batting - Pitching for Spokane Trappers : RHP Rich Townsley
|
Batting: SHB Júlio Salazar
|
0-0: Swinging Strike 0-1: Ball 1-1: Ball 2-1: Foul Ball, location: 2F 2-2: Foul Ball, location: 2F 2-2: SINGLE (Flyball, 8LS)
|
Pitching: LHP Pedro Mata
|
|
Batting: LHB Clint Parkinson
|
0-0: Ball 1-0: Foul Ball, location: 2F 1-1: Ball 2-1: Ball 3-1: Fielders Choice at 2nd, 3-6 (Groundball, 3)
|
Batting: LHB Phil Smith
|
0-0: Ball 1-0: Foul Ball, location: 2F 1-1: Ball 2-1: Ball 3-1: Base on Balls Clint Parkinson to second
|
Pitching: LHP Steve Paredes
|
|
Batting: SHB Enrique Uribe
|
0-0: Ball 1-0: Ball 2-0: Swinging Strike Passed Ball! Clint Parkinson to third Phil Smith to second 2-1: Ball 3-1: Foul Ball, location: 2F 3-2: Foul Ball, location: 2F 3-2: Strikes out swinging
|
Batting: RHB Guo-xiu Choi
|
0-0: Foul Ball, location: 2F 0-1: Ball 1-1: Ball 2-1: Foul Ball, location: 2F 2-2: SINGLE (Flyball, 9LM) Clint Parkinson scores Phil Smith to third
|
Batting: RHB Gilberto Silva
|
0-0: SINGLE (Groundball, 6MD) Phil Smith scores Guo-xiu Choi to second Runner from 2nd tries for 3rd, SAFE, throw made to third
|
Batting: RHB Tomás Díaz
|
0-0: Called Strike 0-1: Ball 1-1: Swinging Strike 1-2: Ball 2-2: Ball 3-2: Strikes out swinging
|
Top of the 8th over - 2 runs, 3 hits, 0 errors, 2 left on base; Las Vegas 6 - Spokane 6 |
BOTTOM OF THE 8TH |
Spokane Trappers batting - Pitching for Las Vegas Stars : LHP Gian-Andrea Nota
|
Pinch Hitting: RHB Gustavo Ortíz
|
0-0: Swinging Strike 0-1: Ball 1-1: Ball 2-1: Foul Ball, location: 2F 2-2: Ball 3-2: Strikes out swinging
|
Pitching: RHP Edgar Martínez
|
|
Batting: RHB José Martínez
|
0-0: Ball 1-0: Ball 2-0: Ball 3-0: Called Strike 3-1: SINGLE (Groundball, 4MD)
|
Pinch Hitting: LHB Alan Moore
|
0-0: Ball 1-0: Foul Ball, location: 2F 1-1: Swinging Strike 1-2: Strikes out swinging
|
Batting: LHB Tommy Evans
|
0-0: Foul Ball, location: 2F 0-1: Called Strike 0-2: Ball 1-2: Ground out 4-3 (Groundball, 4)
|
Bottom of the 8th over - 0 runs, 1 hit, 0 errors, 1 left on base; Las Vegas 6 - Spokane 6 |
TOP OF THE 9TH |
Las Vegas Stars batting - Pitching for Spokane Trappers : LHP Steve Paredes
|
Now at 1B: Gustavo Ortíz
|
|
Now at 2B: Orlando Bruno
|
|
Batting: RHB Paco Castillo
|
0-0: Foul Ball, location: 2F 0-1: Called Strike 0-2: Ball 1-2: Strikes out swinging
|
Batting: RHB Gabriel Miranda
|
0-0: Ball 1-0: Called Strike 1-1: Ground out 1-3 (Groundball, 13S)
|
Batting: SHB Júlio Salazar
|
0-0: Ball 1-0: Swinging Strike 1-1: Swinging Strike 1-2: Ball 2-2: Foul Ball, location: 2F 2-2: Foul Ball, location: 2F 2-2: SINGLE (Flyball, 7S)
|
Batting: LHB Clint Parkinson
|
0-0: Ball 1-0: Ground out 2-3 (Groundball, 15S)
|
Top of the 9th over - 0 runs, 1 hit, 0 errors, 1 left on base; Las Vegas 6 - Spokane 6 |
BOTTOM OF THE 9TH |
Spokane Trappers batting - Pitching for Las Vegas Stars : RHP Edgar Martínez
|
Pitching: RHP Roberto Moreno
|
|
Batting: LHB Harry Pitts
|
0-0: Ground out 1-3 (Groundball, 13S)
|
Batting: RHB Warren Martin
|
0-0: Foul Ball, location: 2F 0-1: Ball 1-1: Ball 2-1: SINGLE (Flyball, 8RS)
|
Batting: RHB Danny Crouch
|
0-0: Ball 1-0: Swinging Strike 1-1: Ball 2-1: SINGLE (Groundball, 56D) Warren Martin to second
|
Batting: LHB Lorenzo Flores
|
0-0: Foul Ball, location: 2F 0-1: Swinging Strike 0-2: Foul Ball, location: 2F 0-2: Ball 1-2: Ball 2-2: Fly out, F9 (Flyball, 89XD) Runner from 2nd tags up, SAFE at 3rd, no throw
|
Batting: SHB Chris Bennis
|
0-0: Ball 1-0: Called Strike 1-1: Foul Ball, location: 2F 1-2: Foul Ball, location: 2F 1-2: Fielders Choice at 2nd, 5-4 (Groundball, 56)
|
Bottom of the 9th over - 0 runs, 2 hits, 0 errors, 2 left on base; Las Vegas 6 - Spokane 6 |
TOP OF THE 10TH |
Las Vegas Stars batting - Pitching for Spokane Trappers : LHP Steve Paredes
|
Batting: LHB Phil Smith
|
0-0: Ball 1-0: Ball 2-0: Called Strike 2-1: Foul Ball, location: 2F 2-2: Strikes out swinging
|
Batting: SHB Enrique Uribe
|
0-0: Ground out 1-3 (Groundball, 13)
|
Batting: RHB Guo-xiu Choi
|
0-0: DOUBLE (Line Drive, 9LD)
|
Pitching: LHP Adrián León
|
|
Batting: RHB Gilberto Silva
|
0-0: Called Strike 0-1: Swinging Strike 0-2: Ball 1-2: Ball 2-2: Strikes out swinging
|
Top of the 10th over - 0 runs, 1 hit, 0 errors, 1 left on base; Las Vegas 6 - Spokane 6 |
BOTTOM OF THE 10TH |
Spokane Trappers batting - Pitching for Las Vegas Stars : RHP Roberto Moreno
|
Batting: RHB Gustavo Ortíz
|
0-0: Swinging Strike 0-1: Ball 1-1: SINGLE (Groundball, 4MD)
|
Pinch Runner at 1st John Cotton:
|
|
Batting: RHB José Martínez
|
0-0: Ball John Cotton steals 2nd base 1-0: Fly out, F9 (Flyball, 89M) Runner from 2nd tags up, SAFE at 3rd with throw
|
Batting: RHB Orlando Bruno
|
0-0: Intentional Walk
|
Batting: LHB Tommy Evans
|
0-0: Called Strike 0-1: Ball 1-1: Ball 2-1: Ground out U3 (Groundball, 3) Orlando Bruno to second
|
Batting: LHB Harry Pitts
|
0-0: Ball 1-0: SINGLE (Groundball, 3D) John Cotton scores
|
Saturday, April 7th, 2018 - OOTP Baseball 18.8 Build 76
|
|